 Dungeon Crawl Stone Soup version 0.20.1-1-g8b1a95d (webtiles) character file.

7103 raph the Reanimator (level 10, -1/88 HPs)
             Began as a Deep Dwarf Necromancer on Nov 3, 2017.
             Was a Believer of Makhleb.
             Slain by an eight-headed hydra (6 damage)
             ... on level 1 of the Lair of Beasts.
             The game lasted 00:33:09 (11094 turns).

raph the Reanimator (Deep Dwarf Necromancer)       Turns: 11094, Time: 00:33:10

Health: -1/88      AC: 11    Str: 16    XL:     10   Next: 84%
Magic:  13/17      EV: 16    Int: 20    God:    Makhleb [**....]
Gold:   97         SH:  0    Dex: 14    Spells: 1/20 levels left

rFire    + + .     SeeInvis .   K - +5 hand axe of War {freeze, rElec rF+ Int+3}
rCold    . . .     Gourm    .   (no shield)
rNeg     . . .     Faith    .   w - +2 robe {MR+}
rPois    .         Spirit   .   q - +2 helmet
rElec    +         Reflect  .   F - +1 cloak
rCorr    .         Harm     .   (no gloves)
MR       ++...                  r - +1 pair of boots
Stlth    ++++......             L - amulet of magic regeneration
Regen    0.0/turn               d - ring of protection from fire
MPRegen  0.3/turn               k - +3 ring of strength

@: non-regenerating
A: damage resistance, heal wounds, sense surroundings 2, no regeneration
a: Heal Wounds, Minor Destruction, Renounce Religion


You were on level 1 of the Lair of Beasts.
You worshipped Makhleb.
Makhleb was pleased with you.
You were not hungry.

You visited 2 branches of the dungeon, and saw 12 of its levels.

You collected 753 gold pieces.
You spent 656 gold pieces at shops.

Inventory:

Hand Weapons
 z - a +0 dagger of speed
 K - the +5 hand axe of War (weapon) {freeze, rElec rF+ Int+3}
   (You bought it in a shop on level 7 of the Dungeon)

   It has been specially enchanted to freeze those struck by it, causing extra
   injury to most foes and up to half again as much damage against particularly
   susceptible opponents.
   It can also slow down cold-blooded creatures.
   It affects your intelligence (+3).
   It protects you from fire.
   It insulates you from electricity.
Missiles
 J - 3 steel tomahawks (quivered)
Armour
 q - a +2 helmet (worn)
 r - a +1 pair of boots (worn)
 w - a +2 robe of magic resistance (worn)
 E - a +1 ring mail of poison resistance
 F - a +1 cloak (worn)
Jewellery
 d - a ring of protection from fire (left hand)
 k - a +3 ring of strength (right hand)
 x - an uncursed amulet of rage
 L - an amulet of magic regeneration (around neck)
Wands
 o - a wand of paralysis (9/24)
 B - a wand of random effects (43/48)
Scrolls
 e - 3 scrolls of recharging
 h - a scroll of identify
 m - 8 scrolls of teleportation
 t - 3 scrolls of remove curse
 H - a scroll of fear
Potions
 g - 2 potions of flight
 j - 3 potions of berserk rage
 n - 3 potions of mutation
 p - a potion of cancellation
 C - a potion of magic
 D - 3 potions of curing
 G - 2 potions of might
Books
 b - a book of Necromancy

   Spells                             Type                      Level
   a - Pain                           Necromancy                   1
   b - Animate Skeleton               Necromancy                   1
   c - Vampiric Draining              Necromancy                   3
   d - Regeneration                   Charms/Necromancy            3
   e - Animate Dead                   Necromancy                   4
   f - Control Undead                 Necromancy                   4
 A - a book of Minor Magic

   Spells                             Type                      Level
   a - Magic Dart                     Conjuration                  1
   b - Blink                          Translocation                2
   c - Call Imp                       Summoning                    2
   d - Slow                           Hexes                        2
   e - Conjure Flame                  Conjuration/Fire             3
   f - Mephitic Cloud                 Conjuration/Poison/Air       3
Comestibles
 a - 3 chunks of flesh
 c - 11 bread rations
 i - 5 royal jellies
 s - 7 fruits


   Skills:
 + Level 5.1 Fighting
 * Level 4.1 Axes
 + Level 6.7 Dodging
 + Level 8.3 Stealth
 + Level 5.7 Spellcasting
 + Level 1.0 Conjurations
 * Level 10.9 Necromancy
 + Level 7.1 Invocations


You had one spell level left.
You knew the following spells:

 Your Spells              Type           Power        Failure   Level  Hunger
a - Pain                  Necr           ####         1%          1    None
b - Animate Skeleton      Necr           N/A          1%          1    None
c - Vampiric Draining     Necr           #####.....   1%          3    ##.....
d - Animate Dead          Necr           N/A          1%          4    ####...
e - Magic Dart            Conj           ##..         7%          1    None
f - Call Imp              Summ           #.......     16%         2    None
g - Control Undead        Necr           #####.....   1%          4    ####...
h - Conjure Flame         Conj/Fire      #.......     26%         3    ##.....


Dungeon Overview and Level Annotations

Branches:
Dungeon (11/15)            Temple (0/1) D:7            Lair (1/6) D:11
    Orc (0/2) D:10

Altars:
Cheibriados
Dithmenos
Hepliaklqana
Kikubaaqudgha
Makhleb
Qazlal
Yredelemnul
Zin

Shops:
D:7 (

Annotations:
D:4 Irenicus's ghost, amateur DDIE
D:8 1 transporter


Innate Abilities, Weirdness & Mutations

You are resistant to damage.
You can heal yourself by infusing magical energy.
You passively map the area around you.
You do not regenerate.


Message History

The eight-headed hydra bites you!
* * * LOW HITPOINT WARNING * * *
The eight-headed hydra bites you but does no damage.
The eight-headed hydra barely misses you.
The eight-headed hydra bites you.
The eight-headed hydra closely misses you.
The eight-headed hydra bites you but does no damage.
The eight-headed hydra misses you.
You feel much better.
The eight-headed hydra bites you but does no damage.
The eight-headed hydra bites you!
* * * LOW HITPOINT WARNING * * *
The eight-headed hydra bites you but does no damage. x2
The eight-headed hydra bites you!
* * * LOW HITPOINT WARNING * * *
The eight-headed hydra barely misses you.
The eight-headed hydra bites you.
* * * LOW HITPOINT WARNING * * *
The eight-headed hydra bites you!
You die...

#.# ##...P.# * *, ,*
...##...... , ### * ***
.%..#...P### , ... , *
...........# , .. *,*
...........# ##.. * ,,
#.....#....####.## , .. ,
, ......##.....#>..# ,..#
,
#........#.......####...#
,,
####............@........
, * ##.#.......#D#..(#...
* , ###......#......!....
*, #####.....###...... ,*
* ##.....##...#.. ,
#........#....#
###..........##, ,
#......#.....# * ,
##...P.##....#


You could see an eight-headed hydra.

Vanquished Creatures
  2 two-headed ogres
  A manticore (D:11)
  A centaur zombie (D:10)
  A troll (D:9)
  A hippogriff (D:11)
  Grinder (D:4)
  A spriggan (D:9)
  3 yaks (Lair:1)
  A human (D:5)
  Eustachio (D:5)
  Menkaure (D:6)
  An orc warrior (D:10)
  2 porcupines (Lair:1)
  2 sky beasts
  2 ice beasts
  4 ogres
  5 centaurs
  A crocodile (Lair:1)
  4 bullfrogs
  A scorpion (D:6)
  5 killer bees (D:9)
  A howler monkey (D:10)
  2 bullfrog zombies
  4 crimson imps
  A human zombie (D:5)
  5 hounds
  A bullfrog skeleton (D:6)
  Crazy Yiuf (D:4)
  5 iguanas
  6 orc priests
  8 worker ants
  5 orc wizards
  A killer bee zombie (D:5)
  4 gnolls
  7 adders
  A shadow imp (D:10)
  An ooze (D:3)
  An adder zombie (D:7)
  A worm (D:3)
  A dart slug (D:1)
  4 leopard geckos
  25 orcs
  10 bats
  2 bat zombies (D:7)
  3 giant cockroaches
  6 goblins
  10 hobgoblins
  6 quokkas
  2 ball pythons
  7 frilled lizards
  A giant cockroach zombie (D:5)
  6 kobolds
  16 rats
  2 rat zombies (D:7)
197 creatures vanquished.

Vanquished Creatures (collateral kills)
  A hungry ghost (D:9)
  An orc warrior (D:8)
  2 phantoms
  A gnoll shaman (D:4)
  An orc wizard (D:3)
  An orc priest (D:8)
  A hound (D:8)
  An adder (D:10)
  3 gnolls
  3 adder skeletons
  A dart slug (D:1)
  2 leopard geckos
  2 orcs
  A giant cockroach (D:1)
  3 goblins
  7 rats
  A rat zombie (D:7)
32 creatures vanquished.

Grand Total: 229 creatures vanquished

Notes
Turn   | Place    | Note
-------+----------+-------------------------------------------
     0 | D:1      | raph the Deep Dwarf Necromancer began the quest for the Orb.
     0 | D:1      | Reached XP level 1. HP: 15/15 MP: 3/3
    24 | D:1      | Learned a level 1 spell: Animate Skeleton
   174 | D:1      | Reached XP level 2. HP: 20/22 MP: 1/4
   434 | D:1      | Reached skill level 5 in Necromancy
   768 | D:2      | Reached XP level 3. HP: 22/28 MP: 4/6
   832 | D:2      | Learned a level 3 spell: Vampiric Draining
  1228 | D:2      | Reached XP level 4. HP: 26/36 MP: 1/7
  2378 | D:3      | Reached XP level 5. HP: 39/43 MP: 0/8
  2456 | D:3      | Learned a level 4 spell: Animate Dead
  2605 | D:3      | Reached skill level 6 in Necromancy
  2678 | D:3      | Reached skill level 1 in Fighting
  3626 | D:4      | Found a burning altar of Makhleb.
  3630 | D:4      | Reached XP level 6. HP: 31/51 MP: 3/10
  3639 | D:4      | Became a worshipper of Makhleb the Destroyer
  3811 | D:4      | Found a runed door.
  3815 | D:4      | Noticed Crazy Yiuf
  3821 | D:4      | Killed Crazy Yiuf
  3859 | D:4      | Noticed Grinder
  3861 | D:4      | Noticed Irenicus's ghost (amateur DDIE)
  3866 | D:4      | Paralysed by Grinder for 2 turns
  3910 | D:5      | Entered Level 5 of the Dungeon
  4008 | D:5      | Noticed Eustachio
  4085 | D:4      | HP: 2/51 [Grinder (1)]
  4117 | D:4      | HP: 2/51 [Grinder (5)]
  4124 | D:4      | Killed Grinder
  4124 | D:4      | Reached skill level 1 in Invocations
  4124 | D:4      | Reached XP level 7. HP: 11/58 MP: 11/11
  4256 | D:4      | Reached skill level 7 in Necromancy
  4319 | D:4      | Learned a level 1 spell: Magic Dart
  4322 | D:4      | Learned a level 2 spell: Call Imp
  4477 | D:5      | Killed Eustachio
  4477 | D:5      | Reached skill level 5 in Stealth
  4594 | D:5      | HP: 2/60 [phantom (3)]
  4596 | D:5      | Found a shadowy altar of Dithmenos.
  4823 | D:5      | Reached XP level 8. HP: 22/67 MP: 5/12
  4867 | D:5      | Found a runed door.
  4870 | D:5      | Found a basalt altar of Yredelemnul.
  5160 | D:5      | Reached * piety under Makhleb
  5160 | D:5      | Reached skill level 8 in Necromancy
  6005 | D:6      | Noticed Menkaure
  6011 | D:6      | Killed Menkaure
  6953 | D:7      | Noticed a two-headed ogre
  6974 | D:7      | Killed a two-headed ogre
  6974 | D:7      | Reached skill level 5 in Dodging
  6974 | D:7      | Reached skill level 9 in Necromancy
  6974 | D:7      | Gained mutation: You passively map the area around you. [Deep Dwarf growth]
  6974 | D:7      | Reached XP level 9. HP: 44/78 MP: 4/14
  7109 | D:7      | Reached skill level 5 in Invocations
  7128 | D:7      | Found an ancient bone altar of Kikubaaqudgha.
  7178 | D:7      | Found a glowing silver altar of Zin.
  7327 | D:7      | Learned a level 4 spell: Control Undead
  7331 | D:7      | Found a staircase to the Ecumenical Temple.
  7371 | D:7      | Found Saf Lerch's Antique Weapon Shop.
  7379 | D:7      | Bought a runed long sword for 208 gold pieces
  7745 | D:8      | Found a transporter.
  7798 | D:8      | Noticed a two-headed ogre
  7815 | D:8      | Killed a two-headed ogre
  7815 | D:8      | Reached skill level 5 in Spellcasting
  7938 | D:8      | Found a stormy altar of Qazlal.
  8141 | D:8      | Found a snail-covered altar of Cheibriados.
  8372 | D:7      | Bought a crystal hand axe for 256 gold pieces
  8373 | D:7      | Identified the +5 hand axe of War {freeze, rElec rF+ Int+3} (You bought it in a shop on level 7 of the Dungeon)
  8452 | D:9      | Reached skill level 10 in Necromancy
  8452 | D:9      | Reached XP level 10. HP: 70/87 MP: 16/16
  8493 | D:9      | Reached ** piety under Makhleb
  8679 | D:9      | Reached skill level 1 in Axes
  8701 | D:9      | Found a hazy altar of Hepliaklqana.
  9612 | D:10     | Entered Level 10 of the Dungeon
  9801 | D:10     | Found a staircase to the Orcish Mines.
 10007 | D:10     | Learned a level 3 spell: Conjure Flame
 10363 | D:7      | Bought a runed falchion for 192 gold pieces
 10632 | D:11     | Found a staircase to the Lair.
 10641 | D:11     | Noticed a manticore
 10655 | D:11     | Killed a manticore
 10872 | Lair:1   | Entered Level 1 of the Lair of Beasts
 10970 | Lair:1   | Reached skill level 1 in Conjurations
 10972 | Lair:1   | Reached skill level 5 in Fighting
 11069 | Lair:1   | Noticed an eight-headed hydra
 11093 | Lair:1   | HP: 4/88 [eight-headed hydra (13)]
 11094 | Lair:1   | Slain by an eight-headed hydra

Skill      XL: |  1  2  3  4  5  6  7  8  9 10 |
---------------+-------------------------------+-----
Spellcasting   | 2 3 4 5 |  5.7
Necromancy     | 5 6 7 9 10 | 10.9
Stealth        | 3 4 5 6 7 8 |  8.3
Fighting       | 1 2 3 4 5 |  5.1
Dodging        | 3 4 5 6 |  6.7
Invocations    | 1 2 4 6 7 |  7.1
Axes           | 4 |  4.1
Conjurations   | 1 |  1.0

Action                   |  1- 3 |  4- 6 |  7- 9 | 10-12 || total
-------------------------+-------+-------+-------+-------++-------
Melee: Short sword       |    50 |     2 |       |       ||    52
       Trident           |       |    42 |       |       ||    42
       Falchion          |       |    52 |     8 |       ||    60
       Rapier            |       |       |    84 |       ||    84
       Long sword        |       |       |    46 |       ||    46
       Spear             |       |       |     3 |       ||     3
       Hand axe          |       |       |     2 |   144 ||   146
 Cast: Pain              |    45 |    45 |    29 |    21 ||   140
       Animate Skeleton  |    17 |    31 |     8 |     6 ||    62
       Vampiric Draining |     6 |    25 |    50 |    37 ||   118
       Magic Dart        |       |       |    20 |     1 ||    21
       Call Imp          |       |       |     2 |       ||     2
       Animate Dead      |       |       |    11 |     8 ||    19
       Control Undead    |       |       |       |     4 ||     4
       Conjure Flame     |       |       |       |     1 ||     1
 Abil: Heal Wounds       |       |       |     1 |     1 ||     2
Evoke: Wand              |       |     2 |       |     1 ||     3
  Use: Scroll            |       |    11 |    10 |     2 ||    23
       Potion            |       |     4 |     1 |       ||     5
 Stab: Sleeping          |     2 |     4 |     7 |     9 ||    22
       Distracted        |       |       |     1 |     1 ||     2
  Eat: Chunk             |     2 |    12 |     9 |     8 ||    31
       Meat ration       |       |       |     3 |       ||     3
       Fruit             |       |       |       |     3 ||     3
Armor: Robe              |    14 |    37 |    60 |    76 ||   187
       Leather armour    |       |     7 |       |       ||     7
Dodge: Dodged            |    32 |    83 |   154 |   162 ||   431
       Rpst.: Falchion   |       |    17 |     9 |       ||    26
       Long sword        |       |       |    15 |       ||    15
